 Dungeon Crawl Stone Soup version 0.28.0-43-g3370ac3207 (webtiles) character file.

Game seed: 1402245740261945113

441 Teleththebard the Chucker (level 6, -6/51 HPs)
             Began as a Troll Hunter on Mar 7, 2022.
             Was a Follower of Hepliaklqana.
             Mangled by a wyvern zombie (11 damage)
             ... on level 4 of the Dungeon.
             The game lasted 00:45:43 (3273 turns).

Teleththebard the Chucker (Troll Hunter)            Turns: 3273, Time: 00:45:44

Health: -6/51      AC:  5    Str: 21    XL:     6   Next: 71%
Magic:  5/5        EV: 10    Int:  7    God:    Hepliaklqana [*.....]
Gold:   149        SH:  0    Dex: 12    Spells: 5/5 levels left

rFire   . . .      SeeInvis .   k - +0 dagger (venom)
rCold   . . .      Faith    .   (no shield)
rNeg    . . .      Spirit   .   n - +1 robe {Will+}
rPois   .          Reflect  .   (helmet restricted)
rElec   .          Harm     .   (no cloak)
rCorr   .          Rampage  .   (gloves unavailable)
Will    +....                   (boots unavailable)
Stlth   ++........              v - amulet of the acrobat
HPRegen 0.97/turn               j - ring of wizardry
MPRegen 0.09/turn               z - ring of wizardry

@: no status effects
A: reduced essence, large, unfitting armour, claws 3, regeneration 1, shaggy fur
1, tough skin 1
a: Renounce Religion, Recall Ancestor, Ancestor Identity


You were on level 4 of the Dungeon.
You worshipped Hepliaklqana.
Hepliaklqana was aware of your devotion.
You visited 1 branch of the dungeon, and saw 5 of its levels.

You collected 149 gold pieces.

Inventory:

Hand Weapons
 a - a +0 short sword
 e - a +0 hand axe
 k - a +0 dagger of venom (weapon)
 x - a +0 short sword of speed
 B - a +0 falchion
Missiles
 d - a poisoned dart (quivered)
Armour
 b - a +0 robe
 n - a +1 robe of willpower (worn)
 o - a +0 scale mail
Jewellery
 j - a ring of wizardry (left claw)
 v - an amulet of the acrobat (around neck)
 z - a ring of wizardry (right claw)
Scrolls
 f - a scroll of fear
 l - a scroll of vulnerability
 p - a scroll of fog {unknown}
 q - a scroll of immolation {unknown}
 r - a scroll of blinking {unknown}
 u - a scroll of enchant weapon {unknown}
 w - a scroll of teleportation {unknown}
 y - 2 scrolls of noise {unknown}
Potions
 g - a potion of flight
 h - a potion of mutation
 i - a potion of heal wounds
 s - a potion of ambrosia {unknown}
 t - a potion of haste {unknown}
 A - a potion of berserk rage {unknown}


   Skills:
 + Level 2.1 Fighting
 + Level 2.1 Short Blades
 + Level 5.7 Throwing
 + Level 2.7 Dodging
 + Level 1.2 Stealth
 + Level 0.1 Spellcasting
 + Level 0.3 Necromancy


You had 5 spell levels left.
You didn't know any spells.
Your spell library contained the following spells:

 Spells                   Type           Power      Damage    Failure   Level
 Animate Skeleton         Necr           0%         N/A       11%         1
 Apportation              Tloc           0%         N/A       13%         1
 Summon Small Mammal      Summ           0%         N/A       13%         1
 Sublimation of Blood     Necr           0%         N/A       16%         2
 Inner Flame              Hex/Fire       0%         N/A       32%         3
 Cause Fear               Hex            0%         N/A       71%         4
 Petrify                  Tmut/Erth      0%         N/A       71%         4
 Irradiate                Conj/Tmut      0%         3d13      95%         5
 Discord                  Hex            0%         N/A       100%        8


Dungeon Overview and Level Annotations

Branches:
Dungeon (5/15)
 Temple: D:4-7

Altars:
Elyvilon
Hepliaklqana
Sif Muna
Xom
Zin
The Shining One


Innate Abilities, Weirdness & Mutations

Your life essence is reduced to manifest your ancestor. (-10% HP)
You are too large for most types of armour.
You have claws for hands.
Your natural rate of healing is unusually fast.
You are covered in fur. (AC +1)
You have tough skin. (AC +1)


Message History

The wyvern zombie bites you!
You hit the wyvern zombie but do no damage.
The wyvern zombie is lightly damaged.
The wyvern zombie bites you! The wyvern zombie closely misses you.
The wyvern zombie misses you. The wyvern zombie barely misses you.
The wyvern zombie bites you.
You hit the wyvern zombie.
The wyvern zombie is moderately damaged.
The wyvern zombie bites you but does no damage.
The wyvern zombie bites you!
You hit the wyvern zombie.
The wyvern zombie is moderately damaged.
The wyvern zombie closely misses you.
You hit the wyvern zombie.
The wyvern zombie is moderately damaged.
The wyvern zombie bites you!
* * * LOW HITPOINT WARNING * * *
A kobold comes into view. It is wielding a +0 dagger.
The kobold shouts!
You closely miss the kobold. The kobold closely misses you.
The wyvern zombie misses you.
You closely miss the kobold. The wyvern zombie closely misses you.
The kobold hits you but does no damage.
You hit the kobold.
The kobold is poisoned.
The kobold is moderately wounded.
The wyvern zombie bites you!
* * * LOW HITPOINT WARNING * * *
The kobold closely misses you.
You closely miss the kobold.
The kobold is moderately wounded.
The wyvern zombie closely misses you. The kobold hits you but does no damage.
As you read the scroll labelled LACWEOS FASIRPH, it crumbles to dust.
It is a scroll of amnesia.
Forget Animate Skeleton, freeing 1 spell level for a total of 5?
Your memory of Animate Skeleton unravels.
You kill the kobold!
The wyvern zombie bites you!
You die...

#####.###########.#######
#..#.. #.# #.# ##.### #)#
.# #> #.# .# #.# .# #.#
.# #.# .# #.###########)#
#..........Z@.#
###############


You could see a wyvern zombie.

Vanquished Creatures
  Eustachio (D:4)
  A phantom (D:5)
  2 scorpions (D:5)
  3 adders (D:2)
  An ufetubus (D:3)
  A worm (D:2)
  3 dart slugs
  5 bats
  8 endoplasms
  5 giant cockroaches
  2 goblins (D:1)
  3 hobgoblins
  8 jackals
  9 kobolds
  6 quokkas
  6 ball pythons
  A frilled lizard (D:3)
  6 rats
71 creatures vanquished.

Vanquished Creatures (collateral kills)
  An orc (D:4)
  2 jackals (D:4)
  A kobold (D:3)
  A rat (D:3)
5 creatures vanquished.

Vanquished Creatures (others)
  2 ancestors (D:4)
  A fungus (D:2)
  3 plants (D:2)
6 creatures vanquished.

Grand Total: 82 creatures vanquished

Notes
Turn   | Place    | Note
-------+----------+-------------------------------------------
     0 | D:1      | Teleththebard the Troll Hunter began the quest for the Orb.
     0 | D:1      | Reached XP level 1. HP: 19/19 MP: 0/0
    91 | D:1      | Reached skill level 4 in Throwing
    91 | D:1      | Reached XP level 2. HP: 27/27 MP: 1/1
   889 | D:1      | Reached XP level 3. HP: 33/33 MP: 2/2
   993 | D:2      | Found a hazy altar of Hepliaklqana.
  1003 | D:2      | Became a worshipper of Hepliaklqana the Forgotten
  1603 | D:2      | Reached XP level 4. HP: 41/41 MP: 3/3
  2056 | D:2      | Found a faded altar of an unknown god.
  2113 | D:3      | Reached * piety under Hepliaklqana
  2200 | D:3      | Found a shimmering blue altar of Sif Muna.
  2273 | D:3      | Learned a level 1 spell: Animate Skeleton
  2307 | D:3      | Found a faded altar of an unknown god.
  2311 | D:3      | Found a glowing golden altar of the Shining One.
  2360 | D:3      | Found a faded altar of an unknown god.
  2360 | D:3      | Found a faded altar of an unknown god.
  2366 | D:3      | Found a shimmering altar of Xom.
  2368 | D:3      | Found a white marble altar of Elyvilon.
  2370 | D:3      | Found a hazy altar of Hepliaklqana.
  2585 | D:4      | Reached skill level 1 in Stealth
  2718 | D:4      | Noticed Eustachio
  2729 | D:5      | Entered Level 5 of the Dungeon
  2731 | D:5      | Noticed a scorpion
  2740 | D:5      | Killed a scorpion
  2741 | D:5      | Reached skill level 1 in Short Blades
  2741 | D:5      | Reached skill level 5 in Throwing
  2741 | D:5      | Reached XP level 5. HP: 29/44 MP: 4/4
  2756 | D:5      | Noticed a phantom
  2771 | D:5      | Killed a phantom
  2807 | D:5      | Noticed an ogre
  2814 | D:5      | Reached XP level 6. HP: 46/51 MP: 5/5
  2960 | D:4      | Found a glowing silver altar of Zin.
  3164 | D:4      | Killed Eustachio
  3273 | D:4      | Mangled by a wyvern zombie

Illustrated notes

Levels and vault maps discovered:
D:1:      shiori_arrival_maze, layout_basic, grunt_decor_clamped,
          chequers_serial_rivers_large_b, minmay_bisected
D:2:      minmay_wonky_spiral, layout_loops_corners, basic_altar,
          shapermc_ecumenical_altar_mp_urbaneastern
D:3:      layout_rooms, nicolae_overflow_ecumenical_swirl,
          nicolae_sif_muna_condensation, chequers_temple_overflow_minitemple
D:4:      layout_basic, mainiacjoe_overflow_tiny_flanked, uniq_eustachio
D:5:      layout_loops_ring, lemuel_crystal_altar

Skill      XL: |  1  2  3  4  5  6 |
---------------+-------------------+-----
Throwing       | 4 5 |  5.7
Dodging        | 2 |  2.7
Stealth        | 1 |  1.2
Short Blades   | 1 2 |  2.1
Fighting       | 2 |  2.1
Spellcasting   | |  0.1
Necromancy     | |  0.3

Action                   |  1- 3 |  4- 6 || total
-------------------------+-------+-------++-------
Melee: Short sword       |    21 |       ||    21
       Dagger            |    19 |   102 ||   121
       Punch             |       |     1 ||     1
Throw: Large rock        |    38 |    23 ||    61
       Throwing net      |       |     5 ||     5
       Dart              |       |     1 ||     1
 Cast: Animate Skeleton  |       |     1 ||     1
  Use: Scroll            |     1 |     5 ||     6
 Stab: Sleeping          |     1 |       ||     1
Armor: Robe              |    15 |    48 ||    63
Dodge: Dodged            |    22 |    65 ||    87
